 Dungeon Crawl Stone Soup version 0.21.1-1-g345015f (webtiles) character file.

249 Fang the Chopper (level 6, -3/39 HPs)
             Began as a Gargoyle Berserker on May 2, 2018.
             Was a Priest of Trog.
             Slain by Edmund
             ... wielding a +3 dire flail of protection
              (6 damage)
             ... on level 4 of the Dungeon.
             The game lasted 00:05:52 (3105 turns).

Fang the Chopper (Gargoyle Berserker)               Turns: 3105, Time: 00:05:52

Health: -3/39      AC:  6    Str: 23    XL:     6   Next: 12%
Magic:  6/6        EV: 12    Int:  7    God:    Trog [***...]
Gold:   98         SH:  0    Dex:  9    Spells: 5/5 levels left

rFire    . . .     SeeInvis .   a - +1 hand axe
rCold    . . .     Gourm    .   (no shield)
rNeg     + . .     Faith    .   b - +0 animal skin
rPois    ∞         Spirit   .   (no helmet)
rElec    +         Reflect  .   (no cloak)
rCorr    .         Harm     .   (no gloves)
MR       .....                  (no boots)
Stlth    +.........             (no amulet)
HPRegen  0.13/turn              (no ring)
MPRegen  0.10/turn              (no ring)

@: berserk cooldown, starving, slowed, very slow
A: negative energy resistance 1, electricity resistance, unbreathing,
petrification resistance, rot immunity, AC +4
a: Berserk, Trog's Hand, Burn Spellbooks, Renounce Religion


You were on level 4 of the Dungeon.
You worshipped Trog.
Trog was most pleased with you.
You were starving.

You visited 1 branch of the dungeon, and saw 4 of its levels.

You collected 98 gold pieces.

Inventory:

Hand Weapons
 a - a +1 hand axe (weapon)
Missiles
 j - 4 poisoned tomahawks (quivered)
Armour
 b - a +0 animal skin (worn)
Scrolls
 f - 3 scrolls of remove curse
Potions
 d - 3 potions of curing
 g - a potion of ambrosia
Comestibles
 c - 10 rations


   Skills:
 + Level 4.4 Fighting
 + Level 4.8 Axes
 + Level 2.3 Armour
 + Level 2.5 Dodging
 + Level 0.5 Stealth


You had 5 spell levels left.
You didn't know any spells.

Dungeon Overview and Level Annotations

Branches:
Dungeon (4/15)
 Temple: D:4-7

Altars:
Gozag
Hepliaklqana
Makhleb
Okawaru
Qazlal
Yredelemnul

Annotations:
D:4 Edmund


Innate Abilities, Weirdness & Mutations

You are resistant to torment.
Your stone body is resilient. (AC +4)
You are immune to poison.
You resist negative energy. (rN+)
You are resistant to electric shocks. (rElec)
You can survive without breathing.
You are immune to petrification.
You are immune to rotting.


Message History

Edmund is heavily wounded.
Edmund closely misses you.
You hit Edmund but do no damage.
Edmund is heavily wounded.
Edmund says, "A flail is better than a scythe, any day of the week!"
Edmund hits you with a dire flail of protection!
* * * LOW HITPOINT WARNING * * *
Edmund barely misses you.
You hit Edmund but do no damage.
Edmund is heavily wounded.
Edmund closely misses you.
You hit Edmund but do no damage.
Edmund is heavily wounded.
Edmund hits you with a dire flail of protection!
* * * LOW HITPOINT WARNING * * *
Edmund completely misses you.
You hit Edmund but do no damage.
Edmund is heavily wounded.
Edmund hits you with a dire flail of protection.
You die...

######
###############....###
.#...................###
................@@......
......#######........###
...#### #####..### ####
###


You could see Edmund.

Vanquished Creatures
  2 orc wizards (D:3)
  A gnoll (D:3)
  A worker ant zombie (D:3)
  7 adders
  2 oozes
  3 worms
  2 dart slugs
  3 leopard geckos (D:3)
  8 orcs (D:3)
  2 ball pythons
  4 bats
  2 giant cockroaches
  5 goblins
  11 hobgoblins
  4 jackals (D:2)
  9 kobolds
  3 quokkas
  3 frilled lizards
  6 rats
78 creatures vanquished.

Notes
Turn   | Place    | Note
-------+----------+-------------------------------------------
     0 | D:1      | Fang the Gargoyle Berserker began the quest for the Orb.
     0 | D:1      | Reached XP level 1. HP: 14/14 MP: 1/1
   228 | D:1      | Reached XP level 2. HP: 16/19 MP: 2/2
   808 | D:2      | Reached XP level 3. HP: 23/23 MP: 3/3
   850 | D:2      | Reached ** piety under Trog
  1172 | D:2      | Reached XP level 4. HP: 25/29 MP: 4/4
  1200 | D:2      | Found a basalt altar of Yredelemnul.
  1248 | D:2      | Found an opulent altar of Gozag.
  1618 | D:2      | Found a hazy altar of Hepliaklqana.
  1669 | D:3      | Reached XP level 5. HP: 33/33 MP: 5/5
  1971 | D:3      | Found a stormy altar of Qazlal.
  2194 | D:3      | Reached XP level 6. HP: 27/38 MP: 6/6
  2337 | D:3      | Found a burning altar of Makhleb.
  2526 | D:3      | Found an iron altar of Okawaru.
  2541 | D:3      | Reached *** piety under Trog
  3078 | D:4      | Noticed Edmund
  3105 | D:4      | Slain by Edmund

Skill      XL: |  1  2  3  4 |
---------------+-------------+-----
Axes           | 3 4 |  4.8
Dodging        | 2 |  2.5
Fighting       | 4 |  4.4
Armour         | |  2.3
Stealth        | |  0.5

Action                   |  1- 3 |  4- 6 || total
-------------------------+-------+-------++-------
Melee: Hand axe          |   103 |   218 ||   321
Invok: Berserk           |     1 |     3 ||     4
  Use: Scroll            |     3 |     5 ||     8
 Stab: Sleeping          |       |     1 ||     1
  Eat: Chunk             |     2 |     7 ||     9
Armor: Animal skin       |    26 |    71 ||    97
Dodge: Dodged            |    66 |   127 ||   193
